[ AOE2 MATCH · #463598318 ]
Team RMFranks vs Spanish
[ REPLAY ANALYSIS · EXTRACTED FROM THE RECORDED GAME ]
Feudal
—
Castle
—
Imperial
—
| APM avg | 9.0 |
| APM peak | 23 |
| eAPM avg | 4.7 |
| Villagers / military | 17 / 0 |
Focus
⚔️ 2.5% · 🌾 97.5%
Feudal
—
Castle
—
Imperial
—
| APM avg | 15.5 |
| APM peak | 26 |
| eAPM avg | 4.6 |
| Villagers / military | 10 / 0 |
Focus
⚔️ 0.0% · 🌾 100.0%
Feudal
—
Castle
—
Imperial
—
| APM avg | 19.1 |
| APM peak | 22 |
| eAPM avg | 6.5 |
| Villagers / military | 20 / 0 |
Focus
⚔️ 4.3% · 🌾 95.7%
Feudal
—
Castle
—
Imperial
—
| APM avg | 21.2 |
| APM peak | 38 |
| eAPM avg | 8.5 |
| Villagers / military | 14 / 0 |
Focus
⚔️ 4.0% · 🌾 96.0%
Feudal
—
Castle
—
Imperial
—
| APM avg | 6.4 |
| APM peak | 24 |
| eAPM avg | 4.2 |
| Villagers / military | 7 / 0 |
Focus
⚔️ 4.8% · 🌾 95.2%
Feudal
—
Castle
—
Imperial
—
| APM avg | 39.5 |
| APM peak | 73 |
| eAPM avg | 7.0 |
| Villagers / military | 10 / 0 |
Focus
⚔️ 0.0% · 🌾 100.0%
Feudal
—
Castle
—
Imperial
—
| APM avg | 15.9 |
| APM peak | 44 |
| eAPM avg | 2.5 |
| Villagers / military | 5 / 0 |
Focus
⚔️ 5.9% · 🌾 94.1%
Feudal
—
Castle
—
Imperial
—
| APM avg | 17.8 |
| APM peak | 32 |
| eAPM avg | 5.8 |
| Villagers / military | 14 / 0 |
Focus
⚔️ 2.3% · 🌾 97.7%
Fishing Ship ×5
Match map
Resources at game start + every placement click. Thick line = wall · dashed box = detected house wall. 🟡 gold · ⚪ stone · 🟢 berries · 🔶 boar · ⭕ relic
Inputs per minute
— ageofempires - - PoorSteam0
Build order — ageofempires
13 actions detected in the replay
| 1:11 | Build | Town Center |
| 2:32 | Build | House |
| 2:33 | Build | House |
| 3:14 | Create | Villager (Male) ×4 |
| 5:05 | Create | Villager (Male) |
| 6:35 | Create | Villager (Male) |
| 6:35 | Create | Villager (Male) |
| 6:36 | Create | Villager (Male) |
| 7:26 | Create | Villager (Male) |
| 7:26 | Create | Villager (Male) |
| 7:56 | Build | Dock |
| 8:32 | Create | Villager (Male) ×3 |
| 8:33 | Create | Villager (Male) ×4 |
Build order — PoorSteam0
16 actions detected in the replay
| 2:36 | Build | Town Center |
| 4:59 | Build | House |
| 5:00 | Build | House |
| 5:02 | Build | House |
| 5:05 | Build | House |
| 5:10 | Create | Villager (Male) |
| 5:10 | Create | Villager (Male) |
| 5:10 | Create | Villager (Male) |
| 5:11 | Create | Villager (Male) |
| 6:44 | Research | Loom |
| 7:20 | Create | Villager (Male) |
| 7:20 | Create | Villager (Male) |
| 8:35 | Create | Villager (Male) |
| 8:35 | Create | Villager (Male) |
| 8:36 | Create | Villager (Male) |
| 9:05 | Create | Villager (Male) |
Build order — sepseven
27 actions detected in the replay
| 0:08 | Build | Town Center |
| 1:27 | Build | House |
| 1:33 | Build | House |
| 2:17 | Create | Villager (Male) |
| 2:17 | Create | Villager (Male) |
| 2:18 | Create | Villager (Male) |
| 2:18 | Create | Villager (Male) |
| 3:34 | Create | Villager (Male) |
| 4:14 | Create | Villager (Male) |
| 4:40 | Create | Villager (Male) |
| 5:06 | Create | Villager (Male) |
| 5:06 | Create | Villager (Male) |
| 5:31 | Create | Villager (Male) |
| 5:31 | Create | Villager (Male) |
| 6:01 | Create | Villager (Male) |
| 6:33 | Build | House |
| 6:39 | Build | House |
| 6:42 | Create | Villager (Male) |
| 6:42 | Create | Villager (Male) |
| 7:10 | Create | Villager (Male) |
| 7:25 | Build | Lumber Camp |
| 8:05 | Create | Villager (Male) |
| 8:06 | Create | Villager (Male) |
| 8:06 | Create | Villager (Male) |
| 8:49 | Build | Dock |
| 8:54 | Create | Villager (Male) |
| 8:54 | Create | Villager (Male) |
Build order — StaplegunKing
19 actions detected in the replay
| 1:48 | Build | Town Center |
| 4:17 | Build | House |
| 4:19 | Build | House |
| 4:29 | Create | Villager (Male) |
| 4:30 | Create | Villager (Male) |
| 4:30 | Create | Villager (Male) |
| 4:30 | Create | Villager (Male) |
| 4:30 | Create | Villager (Male) |
| 6:06 | Create | Villager (Male) |
| 6:07 | Create | Villager (Male) |
| 7:07 | Create | Villager (Male) |
| 7:19 | Create | Villager (Male) |
| 7:51 | Create | Villager (Male) |
| 8:08 | Build | Lumber Camp |
| 8:34 | Create | Villager (Male) |
| 8:34 | Create | Villager (Male) |
| 8:34 | Create | Villager (Male) |
| 8:50 | Build | Mill |
| 8:57 | Create | Villager (Male) |
Build order — 212727567
12 actions detected in the replay
| 0:20 | Build | Town Center |
| 2:46 | Build | House |
| 2:54 | Create | Villager (Male) |
| 2:54 | Create | Villager (Male) |
| 3:07 | Create | Villager (Male) |
| 3:07 | Create | Villager (Male) |
| 3:07 | Create | Villager (Male) |
| 3:08 | Research | Loom |
| 3:15 | Build | House |
| 4:15 | Create | Villager (Male) |
| 4:15 | Create | Villager (Male) |
| 5:14 | Build | House |
Build order — shadynou25
16 actions detected in the replay
| 1:14 | Build | Town Center |
| 1:20 | Build | Town Center |
| 3:26 | Create | Villager (Male) |
| 3:27 | Create | Villager (Male) |
| 3:27 | Create | Villager (Male) |
| 3:27 | Create | Villager (Male) |
| 3:40 | Build | House |
| 3:41 | Build | House |
| 3:44 | Build | House |
| 7:04 | Create | Villager (Male) |
| 7:29 | Create | Villager (Male) |
| 7:53 | Create | Villager (Male) |
| 8:24 | Create | Villager (Male) |
| 8:59 | Create | Villager (Male) |
| 9:24 | Build | Lumber Camp |
| 9:25 | Create | Villager (Male) |
Build order — dusen128371
10 actions detected in the replay
| 2:05 | Build | Town Center |
| 2:46 | Build | Dock |
| 2:51 | Build | House |
| 2:55 | Build | House |
| 4:59 | Create | Villager (Male) |
| 4:59 | Create | Villager (Male) |
| 4:59 | Create | Villager (Male) |
| 5:00 | Create | Villager (Male) |
| 5:00 | Create | Villager (Male) |
| 5:01 | Research | Loom |
Build order — small650305
25 actions detected in the replay
| 1:02 | Build | Town Center |
| 1:20 | Build | House |
| 2:56 | Build | Dock |
| 3:21 | Create | Villager (Male) |
| 3:22 | Create | Villager (Male) |
| 3:22 | Create | Villager (Male) |
| 3:22 | Create | Villager (Male) |
| 4:14 | Build | House |
| 4:16 | Build | House |
| 5:51 | Create | Villager (Male) |
| 5:52 | Create | Villager (Male) |
| 6:01 | Create | Fishing Ship |
| 6:23 | Create | Villager (Male) |
| 6:24 | Create | Villager (Male) |
| 6:56 | Create | Fishing Ship |
| 6:57 | Create | Fishing Ship |
| 7:16 | Create | Villager (Male) |
| 7:16 | Create | Villager (Male) |
| 7:56 | Create | Fishing Ship |
| 7:56 | Create | Fishing Ship |
| 8:15 | Create | Villager (Male) |
| 8:15 | Create | Villager (Male) |
| 9:05 | Create | Villager (Male) |
| 9:06 | Create | Villager (Male) |
| 9:18 | Build | House |
Match timeline
| 2:46 | dusen128371 · first_building Dock |
| 2:56 | small650305 · first_building Dock |
| 5:18 | dusen128371 · resign |
| 7:56 | ageofempires · first_building Dock |
| 8:49 | sepseven · first_building Dock |
[ AI ANALYSIS · 1 CREDIT ]
What really happened in this match?
Wolo.gg analyzes every decision: build order, eco, micro, common mistakes by bracket. Personalized analysis on WhatsApp or Discord in 30 seconds.
Civ guide
Franks
Map guide
MegaRandom
Perfil
ageofempires